 Dungeon Sprint DCSS version 0.28-a0-863-g8cecda6153 (webtiles) character file.

Game seed: 15192411863799855836

35058 Turgor the Executioner (level 13, -10/152 HPs)
             Began as a Troll Berserker on Nov 16, 2021.
             Was the Champion of Trog.
             Killed from afar by a bog body (27 damage)
             ... with a bolt of cold
             ... in the Dungeon (Sprint IX: "|||||||||||||||||||||||||||||").
             The game lasted 00:31:13 (2062 turns).

Turgor the Executioner (Troll Berserker)            Turns: 2062, Time: 00:31:14

Health: -10/152    AC: 12    Str: 29    XL:     13   Next: 45%
Magic:  12/12      EV: 14    Int:  5    God:    Trog [******]
Gold:   227        SH:  0    Dex: 10    Spells: 12/12 levels left

rFire   + . .      SeeInvis +   q - +3 battleaxe (vorpal)
rCold   . . .      Faith    .   (shield currently unavailable)
rNeg    . . .      Spirit   .   t - +2 troll leather armour
rPois   .          Reflect  .   u - +0 mask of the Dragon {Will+ Slay+3 SInv}
rElec   .          Harm     .   v - +0 cloak
rCorr   .          Rampage  .   (gloves unavailable)
Will    +++..      NoTele   +   (boots unavailable)
Stlth   +.........              (no amulet)
HPRegen 3.35/turn               y - ring of protection from fire
MPRegen 0.13/turn               m - +2 ring of protection

@: strong-willed, on berserk cooldown, regenerating
A: large, unfitting armour, claws 3, regeneration 1, shaggy fur 1, tough skin 1
a: Renounce Religion, Berserk, Trog's Hand, Brothers in Arms


You were in the Dungeon.
You worshipped Trog.
Trog was exalted by your worship.
You visited 1 branch You collected 1987 gold pieces.
You spent 1760 gold pieces at shops.

Inventory:

Hand Weapons
 q - a +3 vorpal battleaxe (weapon)
 r - a +4 antimagic battleaxe
 s - a +3 executioner's axe of flaming
 D - a +0 arbalest
 E - a +1 vorpal broad axe
Missiles
 C - 24 bolts
 F - 3 large rocks (quivered)
Armour
 k - the +3 hat of Pondering {ponderous, Will+ MP+10 Int+5}
   (You took it off Gastronok in the Dungeon)

   Int:       It affects your intelligence (+5).
   MP:        It affects your magic capacity (+10).
   Will:      It increases your willpower.
 o - the +1 robe of Birdsong {rC++ Will- Regen+ Str+4}
   (You bought it in a shop in the Dungeon)

   Str:       It affects your strength (+4).
   rC:        It greatly protects you from cold.
   Regen:     It increases your rate of health regeneration.
   Will:      It decreases your willpower.
 t - a +2 troll leather armour (worn)
 u - the +0 mask of the Dragon (worn) {Will+ Slay+3 SInv}
   (You bought it in a shop in the Dungeon)

   Slay:      It affects your accuracy & damage with ranged weapons and melee
   (+3).
   SInv:      It lets you see invisible.
   Will:      It increases your willpower.
 v - a +0 cloak (worn)
 z - a +1 tower shield
Jewellery
 b - a ring of magical power
 l - a +2 ring of evasion
 m - a +2 ring of protection (right claw)
 w - a ring of see invisible
 x - a ring of willpower
 y - a ring of protection from fire (left claw)
Wands
 j - a wand of acid (10)
Scrolls
 a - 2 scrolls of identify
 h - 2 scrolls of blinking
 n - 3 scrolls of fear
 p - 6 scrolls of enchant weapon
 B - 2 scrolls of enchant armour
Potions
 c - 4 potions of curing
 d - 15 potions of heal wounds
 e - 2 potions of haste
 f - 4 potions of magic
 g - 2 potions of berserk rage
 i - a potion of invisibility
 A - a potion of resistance


   Skills:
 + Level 15.7 Fighting
 * Level 21.0 Axes
 * Level 4.7 Throwing
 + Level 7.1 Armour
 * Level 15.3 Dodging


You had 12 spell levels left.
You didn't know any spells.
Your spell library was empty.

Dungeon Overview and Level Annotations

Branches:
Dungeon (1/1)

Altars:
Cheibriados
Dithmenos
Elyvilon
Fedhas
Gozag
Hepliaklqana
Kikubaaqudgha
Makhleb
Nemelex Xobeh
Okawaru
Qazlal
Ru
Sif Muna
Trog
Uskayaw
Vehumet
Wu Jian
Xom
Yredelemnul
Zin
The Shining One
Beogh
Jiyva
Lugonu

Shops:
D *[[[


Innate Abilities, Weirdness & Mutations

You are too large for most types of armour.
You have claws for hands.
Your natural rate of healing is unusually fast.
You are covered in fur. (AC +1)
You have tough skin. (AC +1)


Message History

The bunyip is heavily wounded.
The bunyip misses you. The bunyip claws you! x2
Throw: 4 large rocks
Press: ? - help, Q - select action, (/) - cycle Shift-Dir - straight line, f/p - swamp dragon
Aim: a swamp dragon (77% to hit)
You throw a large rock. The large rock hits the bunyip!!
The bunyip is severely wounded.
The bunyip barely misses you.
The bunyip claws you but does no damage.
The bunyip claws you!!
Your skin crawls.
You feel strong-willed.
Unknown command.
The bunyip howls a warning cry!
You see here a wolf spider corpse.
Unknown command.
The bunyip howls a warning cry!
There is an open door to the Spider Nest here.
Items here: ††††.
You feel yourself speed up.
You see here a jumping spider corpse.
You slash the bunyip!
The bunyip is almost dead.
The bunyip claws you! The bunyip claws you!!
* * * LOW HITPOINT WARNING * * *
The bunyip claws you!!
* * * LOW HITPOINT WARNING * * *
The spriggan druid calls out to the beasts of the wild!
You hit the bunyip.
The bunyip is almost dead.
You completely miss the bunyip.
The bunyip is almost dead.
You slash the bunyip!
You kill the bunyip!
Trog accepts your kill. Trog grants you a weapon!
Something appears at your feet!
You see here a +2 battleaxe of flaming.
The bog body points at you and mumbles some strange words.
The bolt of cold hits you!!
You die...

▓)▓.▓)▓.▓)▓.▓.▓.▓'
▓.▓.▓)▓.▓)▓.▓.▓.▓_
▓.▓.▓)▓.▓.▓.▓.▓.▓_
▓.▓.▓)▓.▓.▓.▓.▓.▓_
▓.▓.▓)▓.▓.▓.▓.▓.▓_
▓.▓.▓)▓.▓.▓.▓†▓.▓_
▓.▓.▓)▓.▓.▓.▓)▓.▓_
▓†▓.▓.▓)▓.▓.▓.▓.▓_
▓@▓.▓[▓.▓.▓.▓.▓.▓_
▓†▓.▓[▓.▓.▓.▓.▓.▓_
▓n▓.▓[▓.▓)▓.▓.▓.▓_
▓F▓)▓[▓.▓)▓.▓.▓.▓_
▓i▓.▓[▓.▓)▓.▓.▓.▓_
▓D▓.▓[▓.▓)▓.▓.▓.▓_
▓(▓.▓[▓.▓)▓.▓.▓.▓_
▓.▓.▓.▓.▓)▓)▓†▓.▓_
▓)▓.▓.▓.▓)▓)▓†▓.▓_


You could see a swamp dragon, a spriggan druid, a goliath frog and a bog body.

Vanquished Creatures
  Gastronok (D)
  A frost giant (D)
  A ghost moth (D)
  Aizul (D)
  A stone giant (D)
  A bunyip (D)
  A spark wasp (D)
  2 ettins (D)
  Erolcha (D)
  A hydra (D)
  An ogre mage (D)
  A centaur warrior (D)
  3 deep trolls (D)
  2 deep elf pyromancers (D)
  A harpy (D)
  2 will-o-the-wisps (D)
  2 orc knights (D)
  A wolf spider (D)
  A cyclops (D)
  A manticore (D)
  A water nymph (D)
  Maurice (D)
  A cane toad (D)
  2 black mambas (D)
  A demonic crawler (D)
  2 komodo dragons (D)
  3 trolls (D)
  3 jumping spiders (D)
  A hornet (D)
  A polar bear (D)
  A tyrant leech (D)
  A redback (D)
  A water elemental (D)
  2 yaks (D)
  Grum (D)
  A steam dragon (D)
  5 water moccasins (D)
  8 orc warriors (D)
  2 wolves (D)
  A centaur (D)
  A bullfrog (D)
  A killer bee (D)
  3 howler monkeys (D)
  An orc priest (D)
  4 orc wizards (D)
  An adder zombie (D)
  A dart slug (D)
  8 orcs (D)
  A ball python (D)
  A bat skeleton (D)
  A bat zombie (D)
  An endoplasm (D)
  2 goblins (D)
91 creatures vanquished.

Vanquished Creatures (collateral kills)
  A lich (D)
  2 stone giants (D)
  A great orb of eyes (D)
  2 ogre magi (D)
  A boulder beetle (D)
  A tengu warrior (D)
  A spriggan (D)
  2 sea snakes (D)
  3 deep trolls (D)
  An ugly thing (D)
  An elephant (D)
  A cane toad (D)
  A freezing wraith (D)
  A tengu conjurer (D)
  5 polar bears (D)
  3 trolls (D)
  A merfolk (D)
  A hornet (D)
  A blink frog (D)
  A slime creature (D)
  A snapping turtle (D)
  A basilisk (D)
  A wyvern (D)
  4 orc warriors (D)
  3 black bears (D)
41 creatures vanquished.

Vanquished Creatures (others)
  6 foxfires (D)
6 creatures vanquished.

Grand Total: 138 creatures vanquished

Notes
Turn   | Place    | Note
-------+----------+-------------------------------------------
     0 | D        | Turgor the Troll Berserker began the quest for the Orb.
     0 | D        | Reached XP level 1. HP: 22/22 MP: 0/0
    13 | D        | Reached ** piety under Trog
    14 | D        | Reached skill level 3 in Axes
    17 | D        | Reached XP level 2. HP: 31/31 MP: 1/1
    21 | D        | Noticed a centaur
    28 | D        | Reached *** piety under Trog
    36 | D        | Killed a centaur
    37 | D        | Reached skill level 5 in Fighting
    37 | D        | Reached skill level 5 in Axes
    37 | D        | Reached XP level 3. HP: 28/42 MP: 2/2
    37 | D        | Reached XP level 4. HP: 33/50 MP: 3/3
    52 | D        | Found a snail-covered altar of Cheibriados.
    52 | D        | Found a shadowy altar of Dithmenos.
    52 | D        | Found a white marble altar of Elyvilon.
    52 | D        | Found a blossoming altar of Fedhas.
    52 | D        | Found an opulent altar of Gozag.
    53 | D        | Found a hazy altar of Hepliaklqana.
    54 | D        | Found a viscous altar of Jiyva.
    55 | D        | Found an ancient bone altar of Kikubaaqudgha.
    56 | D        | Found a corrupted altar of Lugonu.
    57 | D        | Found a burning altar of Makhleb.
    58 | D        | Found a sparkling altar of Nemelex Xobeh.
    59 | D        | Found an iron altar of Okawaru.
    60 | D        | Found a stormy altar of Qazlal.
    61 | D        | Found a sacrificial altar of Ru.
    62 | D        | Found a shimmering blue altar of Sif Muna.
    63 | D        | Found a bloodstained altar of Trog.
    64 | D        | Found a hide-covered altar of Uskayaw.
    65 | D        | Found a radiant altar of Vehumet.
    66 | D        | Found an ornate altar of the Wu Jian Council.
    67 | D        | Found a shimmering altar of Xom.
    68 | D        | Found a basalt altar of Yredelemnul.
    69 | D        | Found a glowing silver altar of Zin.
    70 | D        | Found a glowing golden altar of the Shining One.
    98 | D        | Noticed a steam dragon
    98 | D        | Noticed a troll
   101 | D        | Killed a steam dragon
   101 | D        | Reached **** piety under Trog
   102 | D        | Reached skill level 7 in Axes
   102 | D        | Reached XP level 5. HP: 61/61 MP: 4/4
   110 | D        | Killed a troll
   111 | D        | Reached skill level 9 in Axes
   111 | D        | Reached skill level 5 in Dodging
   111 | D        | Reached XP level 6. HP: 63/71 MP: 5/5
   140 | D        | Reached XP level 7. HP: 21/79 MP: 6/6
   142 | D        | Reached ***** piety under Trog
   190 | D        | Noticed a troll
   190 | D        | Noticed a centaur warrior
   190 | D        | Noticed a manticore
   190 | D        | Noticed a troll
   190 | D        | Noticed a tengu conjurer
   203 | D        | Killed a troll
   204 | D        | Reached skill level 10 in Axes
   207 | D        | Killed a centaur warrior
   208 | D        | Reached skill level 11 in Axes
   208 | D        | Reached XP level 8. HP: 79/92 MP: 7/7
   211 | D        | Killed a manticore
   212 | D        | Reached skill level 12 in Axes
   213 | D        | Killed a troll
   219 | D        | Killed a tengu conjurer
   220 | D        | Reached XP level 9. HP: 39/101 MP: 8/8
   347 | D        | Noticed a black mamba
   347 | D        | Noticed a komodo dragon
   347 | D        | Noticed a black mamba
   347 | D        | Noticed a cane toad
   353 | D        | Killed a black mamba
   354 | D        | Reached skill level 10 in Fighting
   354 | D        | Reached skill level 13 in Axes
   355 | D        | Noticed a polar bear
   361 | D        | Killed a komodo dragon
   365 | D        | Killed a black mamba
   365 | D        | Reached ****** piety under Trog
   369 | D        | Killed a cane toad
   378 | D        | Killed a polar bear
   379 | D        | Reached skill level 14 in Axes
   382 | D        | Received a gift from Trog
   383 | D        | Reached XP level 10. HP: 90/111 MP: 9/9
   424 | D        | Noticed an elephant
   432 | D        | Reached skill level 10 in Dodging
   437 | D        | Noticed a cane toad
   440 | D        | Killed an elephant
   440 | D        | Received a gift from Trog
   442 | D        | Killed a cane toad
   443 | D        | Reached skill level 15 in Axes
   460 | D        | Received a gift from Trog
   548 | D        | Noticed Grum
   554 | D        | Killed Grum
   558 | D        | Received a gift from Trog
   577 | D        | Noticed Gastronok
   592 | D        | Killed Gastronok
   593 | D        | Reached skill level 16 in Axes
   593 | D        | Reached XP level 11. HP: 124/124 MP: 10/10
   715 | D        | Received a gift from Trog
   723 | D        | Noticed an orc knight
   735 | D        | Killed an orc knight
   762 | D        | Received a gift from Trog
   764 | D        | Noticed an orc knight
   778 | D        | HP: 9/186 [orc knight (35)]
   787 | D        | Killed an orc knight
   797 | D        | Received a gift from Trog
   800 | D        | HP: 6/126 [orc warrior (15)]
   813 | D        | Reached skill level 17 in Axes
   829 | D        | Found Plog's Assorted Antiques.
   829 | D        | Noticed a deep troll
   829 | D        | Noticed a deep troll
   829 | D        | Noticed an ogre mage
   829 | D        | Noticed a deep troll
   835 | D        | Killed a deep troll
   835 | D        | Killed a deep troll
   840 | D        | Killed an ogre mage
   840 | D        | Received a gift from Trog
   841 | D        | Killed a deep troll
   846 | D        | Found Vabuf's Antique Armour Shoppe.
   850 | D        | Found Moesh's Antique Armour Emporium.
   852 | D        | Noticed an ogre mage
   853 | D        | Found Qain's Antique Armour Shoppe.
   853 | D        | Noticed an ogre mage
   856 | D        | Killed an ogre mage
   856 | D        | Noticed an ettin
   857 | D        | Reached skill level 18 in Axes
   866 | D        | Noticed a deep troll
   868 | D        | Noticed a deep troll
   869 | D        | Noticed a deep troll
   870 | D        | Killed an ogre mage
   873 | D        | Killed an ettin
   881 | D        | Killed a deep troll
   882 | D        | Reached XP level 12. HP: 98/137 MP: 11/11
   952 | D        | Bought a jade ring for 110 gold pieces
   956 | D        | Bought a steaming robe for 102 gold pieces
   956 | D        | Identified the +1 robe of Birdsong {rC++ Will- Regen+
                  | Str+4} (You bought it in a shop in the Dungeon)
   959 | D        | Bought the +0 mask of the Dragon {Will+ Slay+3 SInv} for
                  | 935 gold pieces
   959 | D        | Found the +0 mask of the Dragon {Will+ Slay+3 SInv}
   989 | D        | Bought a sapphire potion for 19 gold pieces
   989 | D        | Bought a scroll of identify for 44 gold pieces
   989 | D        | Bought a potion of haste for 220 gold pieces
   995 | D        | Bought a scroll of enchant weapon for 165 gold pieces
   995 | D        | Bought a scroll of enchant weapon for 165 gold pieces
  1024 | D        | Noticed Erolcha
  1030 | D        | Killed Erolcha
  1030 | D        | Received a gift from Trog
  1111 | D        | Noticed Maurice
  1121 | D        | Killed Maurice
  1215 | D        | Noticed a tengu warrior
  1215 | D        | Noticed a boulder beetle
  1222 | D        | Killed a tengu warrior
  1223 | D        | Reached skill level 1 in Armour
  1234 | D        | Reached skill level 19 in Axes
  1237 | D        | Received a gift from Trog
  1246 | D        | Killed a boulder beetle
  1253 | D        | Noticed a great orb of eyes
  1253 | D        | Noticed a stone giant
  1254 | D        | Noticed a lich
  1255 | D        | Noticed an ettin
  1256 | D        | Noticed a stone giant
  1257 | D        | Received a gift from Trog
  1258 | D        | Noticed a frost giant
  1263 | D        | Killed a great orb of eyes
  1266 | D        | Noticed a stone giant
  1268 | D        | Killed a stone giant
  1273 | D        | Killed a lich
  1280 | D        | Killed a stone giant
  1285 | D        | Killed a frost giant
  1286 | D        | Reached skill level 15 in Fighting
  1290 | D        | Killed a stone giant
  1291 | D        | Reached skill level 20 in Axes
  1291 | D        | Reached skill level 5 in Armour
  1293 | D        | Killed an ettin
  1413 | D        | Noticed Aizul
  1429 | D        | Killed Aizul
  1429 | D        | Received a gift from Trog
  1430 | D        | Reached XP level 13. HP: 150/150 MP: 12/12
  1548 | D        | Received a gift from Trog
  1934 | D        | Noticed a spark wasp
  1934 | D        | Noticed a ghost moth
  1942 | D        | Killed a spark wasp
  1943 | D        | Reached skill level 1 in Throwing
  1952 | D        | Killed a ghost moth
  1954 | D        | Reached skill level 15 in Dodging
  2019 | D        | Noticed a bunyip
  2027 | D        | Received a gift from Trog
  2051 | D        | Reached skill level 21 in Axes
  2062 | D        | Killed a bunyip
  2062 | D        | Received a gift from Trog
  2062 | D        | Killed from afar by a bog body

Illustrated notes

Levels and vault maps discovered:
D:        linesprint [early_d, line_temple, items_1, d_10, items_2, lair_1,
          lair_end, items_3, orc_1, orc_end, items_4, d_15, swamp_1, shoals_1,
          snake_1, spider_1, d_20, vaults_1, items_5, swamp_end, shoals_end,
          snake_end, spider_end, vaults_end, d_27, items_6, zot_1, zot_end,
          crypt_end, forest_end, elf_end, slime_end, tomb_end, abyss_end,
          pan_hell_end]

Skill      XL: |  1  2  3  4  5  6  7  8  9 10 11 12 13 |
---------------+----------------------------------------+-----
Fighting       | 3 5 6 7 9 10 12 13 15 | 15.7
Axes           | 3 5 7 9 11 12 14 16 18 20 21 | 21.0
Dodging        | 4 5 7 8 9 11 13 14 15 | 15.3
Armour         | 5 7 |  7.1
Throwing       | 4 |  4.7

Action                   |  1- 3 |  4- 6 |  7- 9 | 10-12 | 13-15 || total
-------------------------+-------+-------+-------+-------+-------++-------
Melee: Hand axe          |    25 |     2 |       |       |       ||    27
       War axe           |       |    37 |    59 |       |       ||    96
       Battleaxe         |       |       |       |   170 |    56 ||   226
Throw: Large rock        |       |       |       |       |    12 ||    12
Invok: Berserk           |       |     1 |     2 |     8 |     3 ||    14
       Trog's Hand       |       |     1 |     1 |     3 |     4 ||     9
       Brothers in Arms  |       |       |     1 |     9 |     2 ||    12
Evoke: Wand              |       |       |       |     1 |       ||     1
  Use: Potion            |       |     2 |       |       |       ||     2
       Scroll            |       |       |       |     3 |     1 ||     4
 Stab: Distracted        |       |       |       |     1 |       ||     1
Armor: Animal skin       |    10 |    15 |    14 |    14 |       ||    53
       Troll leather arm |       |       |       |     4 |    24 ||    28
Dodge: Dodged            |    24 |    56 |    34 |    64 |    36 ||   214

Table legend: (Time is in decaauts)
 A = Elapsed time spent in this place.
 B = Non-inter-level travel time spent in this place.
 C = Inter-level travel time spent in this place.
 D = Time resting spent in this place.
 E = Time spent auto-exploring this place.
 F = Levels seen in this place.
 G = Mean time per level.
                   A        B        C        D        E       F      G
               +--------+--------+--------+--------+--------+-----+--------+
         Total |   2183 |   2079 |    104 |    551 |    132 |   1 | 2183.0 |
       Dungeon |   2183 |   2079 |    104 |    551 |    132 |   1 | 2183.0 |
               +--------+--------+--------+--------+--------+-----+--------+

Top non-repeatable levels by time:
       D: 2183 daAuts
